AoeStats
← Sarkum

Arena

510824979Analyzed
3v3 RM · 9h ago on Oct 2, 2026· 40m 7s· 6 players
Game mode
Random Map
Map size
Normal (6 player)
Population
200
Speed
Normal
Resources
Standard
Victory
Conquest
Starting age
Dark Age
Ending age
Imperial Age
RankedLock teamsTeams togetherTeam positionsShared explorationLock speedFull tech treeHidden civsTurbo modeCheats
Victory
Defeat
🇹🇷 Turks · Türkiye
1096
+15
🇹🇷 Italians · Türkiye
1042
+18
🇹🇷 Vietnamese · Türkiye
1004
+19
🇹🇷 Hindustanis · Türkiye
1189
-22
🇹🇷 Malians · Türkiye
1077
-17
🇹🇷 Cumans · Türkiye
971
-13
TheGreatKING
0:27 Loom
11:30 Feudal Age
12:14 Double-Bit Axe
17:27 Castle Age
15:32 Horse Collar
16:31 Gold Mining
26:32 Imperial Age
39:28 Wheelbarrow
39:11 Artillery
DALKILIC
0:30 Loom
11:03 Feudal Age
11:56 Double-Bit Axe
11:57 Horse Collar
17:24 Castle Age
16:35 Stone Mining
18:45 Bow Saw
27:40 Imperial Age
25:40 Padded Archer Armor
30:43 Wheelbarrow
31:08 Elite Skirmisher
31:42 Fletching
32:46 Bodkin Arrow
38:06 Hand Cart
38:51 Leather Archer Armor
39:09 Arson
1Q
5:43 Loom
12:40 Feudal Age
13:08 Horse Collar
13:14 Double-Bit Axe
13:25 Gold Mining
13:26 Stone Mining
18:08 Castle Age
18:57 Heavy Plow
19:08 Bow Saw
22:00 Padded Archer Armor
21:51 Fletching
24:16 Ballistics
29:46 Imperial Age
26:45 Elite Skirmisher
27:34 Town Watch
28:26 Wheelbarrow
28:56 Leather Archer Armor
28:36 Bodkin Arrow
31:31 Chemistry
33:51 Imperial Skirmisher
37:00 Elite Genoese Crossbowman
39:57 Ring Archer Armor
39:28 Bracer
Sarkum
3:57 Loom
11:35 Feudal Age
12:49 Double-Bit Axe
13:42 Wheelbarrow
12:50 Horse Collar
19:58 Castle Age
18:29 Scale Mail Armor
20:59 Hand Cart
21:16 Bow Saw
21:33 Squires
22:38 Bloodlines
23:32 Thumb Ring
22:51 Man-at-Arms
25:36 Capped Ram
29:41 Chain Mail Armor
29:26 Padded Archer Armor
33:43 Imperial Age
35:23 Onager
D.M.G.
11:33 Feudal Age
16:20 Castle Age
14:13 Horse Collar
14:22 Double-Bit Axe
17:36 Bow Saw
17:28 Heavy Plow
28:52 Imperial Age
26:47 Gold Mining
27:38 Wheelbarrow
28:00 Grand Trunk Road
28:56 Gold Shaft Mining
30:38 Chemistry
30:34 Hand Cart
tostostos
9:42 Loom
11:44 Feudal Age
13:21 Double-Bit Axe
16:50 Castle Age
14:35 Horse Collar
16:02 Stone Mining
16:21 Padded Archer Armor
16:13 Fletching
17:44 Bow Saw
26:29 Padded Archer Armor
28:49 Wheelbarrow
28:16 Heavy Plow
31:35 Bodkin Arrow
32:51 Hand Cart
35:20 Imperial Age
36:08 Tigui
36:21 Forging
36:27 Leather Archer Armor
36:18 Scale Barding Armor
36:13 Scale Mail Armor
38:21 Crop Rotation
38:57 Bloodlines
38:07 Light Cavalry
38:57 Arson
39:25 Husbandry
40:09 Stone Shaft Mining
39:25 Gold Mining
Connection lost

Rejoining the realm…

Still unreachable

The connection could not be restored.

Session expired

The server has moved on; the page needs a fresh start.